 Dungeon Crawl Stone Soup version 0.25-a0-657-ge95d391c20 (webtiles) character file.

Game seed: 17174767956543908939, levelgen mode: deterministic

223018 jt the Eclecticist (level 18, -3/117 HPs)
             Began as a Deep Elf Ice Elementalist on Mar 22, 2020.
             Was the Champion of the Shining One.
             Killed from afar by a deep elf sorcerer (34 damage)
             ... with damnation
             ... on level 3 of the Elven Halls.
             The game lasted 03:30:01 (47900 turns).

jt the Eclecticist (Deep Elf Ice Elementalist)     Turns: 47900, Time: 03:30:02

Health: -3/117     AC: 13    Str:  7    XL:     18   Next: 55%
Magic:  43/53      EV: 20    Int: 31    God:    the Shining One [******]
Gold:   3363       SH:  6    Dex: 15    Spells: 14/57 levels left

rFire    + + .     SeeInvis .   a - staff of cold
rCold    + . .     Gourm    .   j - +1 buckler {AC+3}
rNeg     + + +     Faith    .   V - +2 robe {MR+}
rPois    .         Spirit   .   B - +2 helmet
rElec    .         Reflect  .   h - +2 cloak {+Inv}
rCorr    .         Harm     .   F - +2 pair of gloves of Hadjma {rF++ MR+ Str-2 Stlth+}
MR       +++..                  O - +0 pair of boots
Stlth    ++........             f - amulet of regeneration
HPRegen  0.69/turn              Y - +6 ring of intelligence
MPRegen  0.33/turn              U - ring of magical power

@: corroded, glowing
A: no striking features
}: 1/15 runes: decaying
a: Divine Shield, Cleansing Flame, Summon Divine Warrior, Brand Weapon With Holy
Wrath, Renounce Religion, Evoke Invisibility


You were on level 3 of the Elven Halls.
You worshipped the Shining One.
The Shining One was exalted by your worship.
You were not hungry.

You visited 7 branches of the dungeon, and saw 32 of its levels.
You also visited: Sewer and Wizlab.

You collected 3671 gold pieces.
You spent 308 gold pieces at shops.

Inventory:

Hand Weapons
 b - the +11 falchion of Umorux Cemo {vorpal, Dex+4}
   (You found it on level 12 of the Dungeon)

   It inflicts extra damage upon your enemies.
   It affects your dexterity (+4).
Missiles
 d - 13 curare-tipped darts (quivered)
 v - 15 javelins
 A - 54 poisoned darts
 Z - 6 silver javelins
Armour
 h - a +2 cloak of invisibility (worn)
 j - a +1 buckler of protection (worn)
 p - a +2 buckler of cold resistance
 B - a +2 helmet (worn)
 F - the +2 pair of gloves of Hadjma (worn) {rF++ MR+ Str-2 Stlth+}
   (You found it on level 5 of the Lair of Beasts)

   It affects your strength (-2).
   It greatly protects you from fire.
   It affects your resistance to hostile enchantments.
   It makes you more stealthy.
 O - a +0 pair of boots (worn)
 V - a +2 robe of magic resistance (worn)
Magical Staves
 a - an uncursed staff of cold (weapon)
Jewellery
 f - an amulet of regeneration (around neck)
 U - a ring of magical power (right hand)
 Y - a +6 ring of intelligence (left hand)
Wands
 g - a wand of acid (10)
 l - a wand of paralysis (12)
 n - a wand of disintegration (12)
 t - a wand of flame (18)
 J - a wand of iceblast (18)
 M - a wand of polymorph (18)
 T - a wand of digging (7)
Scrolls
 i - 2 scrolls of summoning
 m - 11 scrolls of remove curse
 o - 2 scrolls of magic mapping
 s - 12 scrolls of identify
 C - 7 scrolls of fear
 I - 2 scrolls of fog
 N - 12 scrolls of teleportation
 Q - a scroll of silence
 R - 2 scrolls of holy word
 S - 2 scrolls of vulnerability
Potions
 e - 7 potions of flight
 k - 2 potions of stabbing
 r - 11 potions of curing
 u - 6 potions of cancellation
 x - 4 potions of magic
 z - 8 potions of might
 D - 6 potions of haste
 E - 2 potions of ambrosia
 G - 2 potions of brilliance
 H - a potion of resistance
 K - 6 potions of heal wounds
 P - 7 potions of lignification
Miscellaneous
 c - a sack of spiders
 W - a phial of floods
 X - 4 boxes of beasts
Comestibles
 L - 47 rations


   Skills:
 + Level 14.5 Fighting
 - Level 4.0 Staves
 - Level 2.0 Armour
 - Level 11.3 Dodging
 - Level 2.4 Stealth
 - Level 4.0 Shields
 - Level 20.2 Spellcasting
 - Level 8.0 Conjurations
 - Level 3.1 Hexes
 - Level 4.1 Summonings
 - Level 6.0 Translocations
 - Level 17.0 Ice Magic
 + Level 4.2 Earth Magic
 - Level 10.0 Invocations
 - Level 6.6 Evocations


You had 14 spell levels left.
You knew the following spells:

 Your Spells              Type           Power        Failure   Level  Hunger
a - Freeze                Ice            ####         0%          1    None
b - Frozen Ramparts       Ice            ######       0%          3    None
c - Hailstorm             Conj/Ice       ########     1%          4    None
d - Summon Ice Beast      Ice/Summ       #######.     1%          4    None
e - Searing Ray           Conj           ######       1%          2    None
f - Fulminant Prism       Conj/Hex       ######....   1%          4    None
g - Iskenderun's Mystic   Conj/Tloc      ######..     1%          4    None
h - Poisonous Vapours     Pois/Air       ####..       1%          2    None
i - Passage of Golubria   Tloc           N/A          1%          4    None
j - Leda's Liquefaction   Hex/Erth       ######....   2%          4    None
k - Apportation           Tloc           ######       1%          1    None
l - Irradiate             Conj/Tmut      ######....   6%          5    None
m - Lee's Rapid Deconstr  Erth           ######....   5%          5    None

Your spell library contained the following spells:

 Spells                   Type           Power        Failure   Level  Hunger
 Animate Skeleton         Necr           N/A          1%          1    None
 Beastly Appendage        Tmut           ####..       1%          1    None
 Corona                   Hex            ######.      1%          1    None
 Magic Dart               Conj           ####         1%          1    None
 Sting                    Tmut/Pois      ####         1%          1    None
 Summon Small Mammal      Summ           ####         1%          1    None
 Ensorcelled Hibernation  Hex/Ice        ######       1%          2    None
 Passwall                 Tmut/Erth      #####...     1%          2    None
 Slow                     Hex            ######..     1%          2    None
 Sticks to Snakes         Tmut           ####....     1%          2    None
 Swiftness                Chrm/Air       ####....     1%          2    None
 Confusing Touch          Hex            ######..     1%          3    None
 Dazzling Flash           Conj/Hex       ######       1%          3    None
 Inner Flame              Hex/Fire       #####...     1%          3    None
 Mephitic Cloud           Conj/Pois/Air  #####...     1%          3    None
 Ozocubu's Armour         Chrm/Ice       #######.     1%          3    None
 Portal Projectile        Hex/Tloc       ######       1%          3    None
 Tukima's Dance           Hex            ######..     1%          3    None
 Ice Form                 Ice/Tmut       #######.     1%          4    None
 Ignite Poison            Fire/Tmut/Pois ####....     3%          3    None
 Spider Form              Tmut/Pois      ####......   3%          3    None
 Cause Fear               Hex            ######....   3%          4    None
 Olgreb's Toxic Radiance  Pois           ####....     12%         4    None
 Silence                  Hex/Air        #####.....   17%         5    None
 Yara's Violent Unravell  Hex/Tmut       #####.....   17%         5    None
 Blade Hands              Tmut           ####......   32%         5    None
 Darkness                 Hex            ######....   43%         6    None
 Invisibility             Hex            ######..     43%         6    None
 Statue Form              Tmut/Erth      #####....    58%         6    None
 Deflect Missiles         Chrm/Air       ####......   87%         6    None
 Hydra Form               Tmut           ####......   87%         6    None
 Dragon Form              Tmut           ####......   100%        7    ###....
 Discord                  Hex            ######....   100%        8    #####..


Dungeon Overview and Level Annotations

Branches:
Dungeon (15/15)            Temple (1/1) D:7            Lair (6/6) D:8
  Swamp (4/4) Lair:4        Snake (0/4) Lair:2        Slime (0/5) Lair:5
    Orc (2/2) D:11            Elf (3/3) Orc:2        Vaults (1/5) D:14
 Depths (0/5) D:15          Sewer (visited)          WizLab (visited)

Altars:
Ashenzari
Dithmenos
Fedhas
Gozag
Hepliaklqana
Kikubaaqudgha
Makhleb
Nemelex Xobeh
Okawaru
Ru
Trog
Uskayaw
Vehumet
Wu Jian
Xom
Yredelemnul
Zin
The Shining One
Beogh
Jiyva

Shops:
D:9 %   D:10 }   Orc:1 (   Orc:2 (:[*   Elf:2 }

Portals:
Trove: D:11 (give horn of Geryon)

Annotations:
D:8 3 runed translucent doors, need cloud immunity, VincentAMV's ghost, novice GrFi
Lair:3 2 transporters, Somi's ghost, journeyman MiBe
Elf:2 3 runed translucent doors


Message History

The deep elf sorcerer points at you and mumbles some strange words.
The bolt of acid hits your ice beast!!
Your ice beast is splashed with acid.
Your ice beast seems to be corroded for longer.
Your ice beast dies!
The bolt of acid hits you!
You are splashed with acid!
The bolt of acid hits your ice beast!!
Your ice beast is splashed with acid!
You see here 2 arrows.
Casting: Hailstorm (safe; 1% risk of failure)
Confirm with . or Enter, or press ? or * to list all spells.
Really blast near your ally the ice beast?
This attack would place you under penance!
Okay, then.
You swap places.
The deep elf sorcerer points at you and mumbles some strange words.
The bolt of acid hits your ice beast!!
Your ice beast is splashed with acid.
Your ice beast dies!
The bolt of acid hits you!!
You are splashed with acid.
* * * LOW HITPOINT WARNING * * *
The deep elf sorcerer casts a spell at you.
The sphere of damnation explodes!
The damnation engulfs you!!
You die...

#)....(.(.....#
#.............#
##...(..)....## ###
##.........'####.##
##'#...)†..##.##...##
##.#####'######'.....##
### ##.## #e#
##.......## ###)###.##
#(# ##.....<...##
##.....'## #@#
##...........#
.........# #.#
#......8......
.(.......# #.#
##...........#
(........# #.#
##.........##
.........# #(#
##.......## .........#
#.# ##.....##
##.....'## #.# ##...##
###.###.## ####'####
##.## ###
##.###.......## ###


You could see a deep elf sorcerer.

Vanquished Creatures
  Rupert (D:15)
  Jorgrun (D:13)
  A deep elf master archer (Elf:3)
  Kirke (D:13)
  A thorn hunter (Swamp:4)
  2 ancient champions (WizLab)
  Frances (Elf:1)
  An orc warlord (Orc:2)
  2 deep elf sorcerers (Elf:3)
  A deep elf elementalist (Elf:3)
  The ghost of EnegeticOcto the Champion of Chaos, a journeyman DDFi of Makhleb (Swamp:1)
  4 ironheart preservers (Vaults:1)
  2 very ugly things
  3 deep elf demonologists
  5 dire elephants
  2 ettins
  Snorg (D:13)
  The ghost of Qaisti the Quickloader, a journeyman GnWr (Lair:4)
  2 fire dragons
  3 yaktaur captains
  Josephine (D:15)
  2 rakshasas (D:15)
  2 deep elf death magi
  A deep elf high priest (Elf:3)
  3 ogre magi (Vaults:1)
  A ragged hierophant (Elf:1)
  An ice dragon (Vaults:1)
  A catoblepas (D:14)
  14 hydras
  4 vault guards (D:14)
  8 dancing weapons
  A centaur warrior (Vaults:1)
  A ghost crab (Swamp:3)
  7 alligators
  6 two-headed ogres
  2 tengu warriors
  2 death yaks (Lair:6)
  Urug (Lair:3)
  2 orc high priests (Orc:2)
  9 deep elf knights
  Nergalle (D:11)
  3 unseen horrors
  4 spriggans (Swamp:2)
  18 skeletal warriors
  2 deep trolls (Vaults:1)
  A spriggan druid (Swamp:4)
  9 swamp dragons
  A glowing orange brain (D:15)
  An unseen horror (shapeshifter) (Vaults:1)
  7 deep elf archers
  4 ironbrand convokers
  A wizard (Vaults:1)
  4 lindwurms
  An orb spider (shapeshifter) (D:15)
  10 orc knights
  A wolf spider zombie (D:15)
  An oklob plant (Lair:2)
  5 orc sorcerers
  37 deep elf magi
  34 ugly things
  2 cyclopes (D:15)
  4 manticores
  A moth of wrath (Lair:6)
  15 elephants
  Maurice (D:11)
  A guardian serpent (Elf:1)
  4 centaur zombies
  A guardian serpent (shapeshifter) (Vaults:1)
  Psyche (D:11)
  A water nymph (shapeshifter) (Elf:2)
  5 black mambas
  Joseph (D:10)
  The ghost of zikan the Shield-Bearer, a novice FoFi of the Shining One (D:5)
  21 spiny frogs
  3 gargoyles
  2 vault sentinels
  A rime drake (shapeshifter) (D:15)
  9 yaktaurs
  A tengu conjurer (D:13)
  A rime drake (Lair:1)
  An efreet (D:14)
  6 kobold demonologists
  2 komodo dragons
  A freezing wraith (D:14)
  A queen bee (Lair:1)
  A polar bear (Lair:5)
  8 trolls
  5 meliai
  Grinder (D:3)
  A wolf spider simulacrum (D:15)
  8 tyrant leeches
  7 hornets
  6 bog bodies
  2 saltlings (Elf:1)
  4 blink frogs (Lair:6)
  8 slime creatures
  2 centaur simulacra (D:14)
  2 air elementals (Elf:3)
  6 hippogriffs
  A shadow (Swamp:1)
  5 wraiths
  28 yaks
  3 water elementals
  5 vampires
  3 wyverns
  2 basilisks
  A human (shapeshifter) (D:15)
  Grum (D:9)
  4 hogs (D:13)
  A fire bat (Orc:1)
  Eustachio (D:5)
  3 fire elementals
  A steam dragon (D:10)
  16 vampire mosquitoes
  A hungry ghost (D:15)
  15 insubstantial wisps
  3 wargs
  5 two-headed ogre zombies (WizLab)
  4 nagas (Lair:2)
  18 swamp worms
  13 water moccasins
  Duvessa (D:4)
  4 acid dragons
  A black bear (D:9)
  8 porcupines
  42 orc warriors
  11 swamp drakes
  3 ice beasts
  3 phantoms
  An eye of draining (D:13)
  A necrophage (D:14)
  14 ogres
  3 boggarts (D:15)
  8 crocodiles
  8 wolves
  10 centaurs
  5 big kobolds
  12 bullfrogs
  A wyvern zombie (D:14)
  Dowan (D:4)
  An earth elemental (Elf:1)
  2 scorpions
  20 killer bees (Lair:1)
  5 troll zombies (WizLab)
  An electric eel (Lair:1)
  17 wights
  7 crimson imps
  3 jellies
  A quasit (D:11)
  25 orc priests
  A bullfrog skeleton (D:7)
  6 hounds
  22 orc wizards
  3 centaur skeletons
  An iguana (D:5)
  7 worker ants
  4 ogre zombies (WizLab)
  A hound zombie (D:7)
  2 hound skeletons
  A gnoll (D:9)
  A howler monkey zombie (D:11)
  8 adders
  2 shadow imps
  12 oozes (Sewer)
  An adder zombie (D:9)
  A worm (D:5)
  A dart slug (D:1)
  14 leopard geckos
  77 orcs
  26 giant cockroaches
  3 hobgoblins
  2 quokkas
  8 ball pythons (Sewer)
  6 bats
  11 frilled lizards
  9 goblins
  26 kobolds
  7 rats
  15 briar patches (Swamp:2)
  2 bushes
  A butterfly (Lair:6)
  A fire vortex (Orc:1)
  19 fungi
  12 plants
1064 creatures vanquished.

Vanquished Creatures (collateral kills)
  An ancient lich (WizLab)
  A thorn hunter (Swamp:2)
  A dire elephant (Lair:6)
  Fannar (D:10)
  Harold (D:10)
  A rakshasa (D:15)
  A hydra (D:9)
  An anaconda (Lair:6)
  Erica (D:9)
  An alligator (Swamp:2)
  3 death yaks (Lair:6)
  An orc high priest (Orc:2)
  An orc knight (Orc:1)
  A deep elf mage (Elf:1)
  An orc sorcerer (Orc:2)
  6 ugly things
  A cyclops (D:12)
  A centaur zombie (D:15)
  5 elephants
  3 spiny frogs
  A centaur skeleton (D:13)
  A komodo dragon (Lair:2)
  A demonic crawler (Lair:6)
  A guardian mummy (D:11)
  A meliai (D:13)
  A tyrant leech (Swamp:1)
  5 slime creatures
  Prince Ribbit (D:9)
  A bog body (Swamp:2)
  3 hippogriffs
  A hornet (Swamp:4)
  2 dream sheep (D:9)
  A spriggan (Swamp:4)
  A shadow (D:12)
  15 yaks
  3 fire bats (Orc:1)
  A basilisk (Lair:4)
  A steam dragon (shapeshifter) (D:15)
  9 vampire mosquitoes
  A swamp worm (Lair:6)
  An orc warrior (Orc:2)
  A centaur (D:13)
  An ogre (D:9)
  A crocodile (Lair:1)
  2 bullfrogs
  4 big kobolds
  A wyvern skeleton (D:9)
  2 wights
  3 killer bees (Lair:1)
  A troll zombie (WizLab)
  A quasit (D:11)
  An orc priest (Orc:2)
  An iguana (D:9)
  2 orc wizards
  3 ogre zombies (WizLab)
  3 gnolls (D:9)
  A shadow imp (D:14)
  5 orcs
  A quokka (D:12)
  3 kobolds (D:5)
  A fungus (Lair:6)
123 creatures vanquished.

Vanquished Creatures (others)
  A spiny frog (Swamp:3)
  A water elemental (Elf:2)
  A black bear (shapeshifter) (Elf:3)
  9 bushes
  79 fulminant prisms
  3 fungi (Lair:6)
  19 plants
  11 toadstools (Lair:1)
124 creatures vanquished.

Grand Total: 1311 creatures vanquished

Notes
Turn   | Place    | Note
-------+----------+-------------------------------------------
     0 | D:1      | jt the Deep Elf Ice Elementalist began the quest for the
                  | Orb.
     0 | D:1      | Reached XP level 1. HP: 10/10 MP: 6/6
   311 | D:1      | Reached XP level 2. HP: 15/15 MP: 5/8
   970 | D:2      | Reached skill level 4 in Spellcasting
  1033 | D:2      | Reached skill level 5 in Ice Magic
  1033 | D:2      | Reached XP level 3. HP: 19/19 MP: 6/10
  1038 | D:2      | Learned a level 3 spell: Frozen Ramparts
  1123 | D:2      | Found a blossoming altar of Fedhas.
  1144 | D:2      | Found an ornate altar of the Wu Jian Council.
  1929 | D:3      | Noticed Grinder
  2029 | D:3      | Found a bloodstained altar of Trog.
  2097 | D:4      | Found a glowing golden altar of the Shining One.
  2104 | D:4      | Became a worshipper of the Shining One
  2126 | D:4      | Noticed Duvessa
  2137 | D:4      | Killed Duvessa
  2137 | D:4      | Reached skill level 5 in Spellcasting
  2137 | D:4      | Reached XP level 4. HP: 24/24 MP: 6/13
  2137 | D:4      | Reached XP level 5. HP: 28/28 MP: 6/15
  2141 | D:4      | Noticed Dowan
  2144 | D:4      | Killed Dowan
  2144 | D:4      | Reached skill level 6 in Spellcasting
  2455 | D:4      | Reached XP level 6. HP: 32/32 MP: 14/17
  2848 | D:5      | Entered Level 5 of the Dungeon
  3229 | D:4      | Learned a level 4 spell: Hailstorm
  3234 | D:4      | Learned a level 4 spell: Summon Ice Beast
  3238 | D:5      | Found a sacrificial altar of Ru.
  3348 | D:5      | Reached skill level 7 in Spellcasting
  3453 | D:5      | Noticed an ice beast
  3509 | D:4      | Killed an ice beast
  3509 | D:4      | Reached XP level 7. HP: 36/36 MP: 20/20
  3708 | D:5      | Found a runed translucent gate.
  3708 | D:5      | Found a runed translucent gate.
  3708 | D:5      | Identified the +5 dagger "Adun" {drain, *Drain +Rage rPois
                  | rC+}
  3708 | D:5      | Noticed zikan's ghost (novice FoFi)
  3709 | D:5      | Found a runed translucent gate.
  3735 | D:5      | Found an opulent altar of Gozag.
  3820 | D:5      | Reached skill level 1 in Conjurations
  3820 | D:5      | Reached skill level 1 in Summonings
  3909 | D:5      | Reached skill level 8 in Spellcasting
  4019 | D:5      | Noticed Eustachio
  4019 | D:5      | Reached * piety under the Shining One
  4023 | D:5      | Killed Eustachio
  4247 | D:5      | Reached XP level 8. HP: 41/41 MP: 18/22
  4272 | D:5      | Found a hazy altar of Hepliaklqana.
  4528 | D:5      | Found a burning altar of Makhleb.
  4673 | D:5      | Paralysed by a big kobold for 4 turns
  4678 | D:5      | Reached skill level 9 in Spellcasting
  4680 | D:5      | Killed zikan's ghost
  4765 | D:6      | Found a hide-covered altar of Uskayaw.
  4834 | D:6      | Found a glowing drain.
  4838 | Sewer    | Entered a sewer
  5186 | Sewer    | Reached skill level 1 in Evocations
  5576 | D:6      | Found a basalt altar of Yredelemnul.
  5788 | D:6      | Reached skill level 10 in Spellcasting
  5938 | D:7      | Found a staircase to the Ecumenical Temple.
  5944 | D:7      | Reached XP level 9. HP: 45/45 MP: 22/25
  5957 | Temple   | Entered the Ecumenical Temple
  5976 | D:7      | Found an opulent altar of Gozag.
  6698 | D:8      | Identified a scroll of acquirement
  6773 | D:8      | Reached skill level 10 in Ice Magic
  6975 | D:8      | Found a staircase to the Lair.
  6993 | D:8      | Reached skill level 11 in Spellcasting
  7056 | D:8      | Found a runed translucent gate.
  7099 | D:8      | Found a runed translucent gate.
  7099 | D:8      | Found a runed translucent gate.
  7100 | D:8      | Noticed a red ugly thing
  7100 | D:8      | Noticed a red ugly thing
  7101 | D:8      | Noticed a cyan ugly thing
  7101 | D:8      | Noticed a purple ugly thing
  7101 | D:8      | Noticed a cyan ugly thing
  7101 | D:8      | Noticed a green ugly thing
  7101 | D:8      | Reached ** piety under the Shining One
  7481 | D:8      | Learned a level 2 spell: Searing Ray
  7532 | D:8      | Found an ornate altar of the Wu Jian Council.
  7997 | D:9      | Noticed Prince Ribbit
  8004 | D:9      | Killed Prince Ribbit
  8077 | D:9      | Reached skill level 12 in Spellcasting
  8082 | D:9      | Reached XP level 10. HP: 25/50 MP: 10/28
  8421 | D:9      | Found a basalt altar of Yredelemnul.
  8423 | D:9      | Found a shadowy altar of Dithmenos.
  8491 | D:9      | Noticed Erica
  8508 | D:9      | Found a shattered altar of Ashenzari.
  8532 | D:9      | Reached *** piety under the Shining One
  8556 | D:9      | Killed Erica
  8556 | D:9      | Reached skill level 13 in Spellcasting
  8579 | D:9      | Noticed a two-headed hydra
  8587 | D:9      | Killed a two-headed hydra
  9167 | D:10     | Entered Level 10 of the Dungeon
  9448 | D:10     | Noticed Fannar
  9469 | D:10     | Killed Fannar
  9469 | D:10     | Reached skill level 1 in Fighting
  9673 | D:10     | Noticed Joseph
  9690 | D:10     | Killed Joseph
  9832 | D:10     | Noticed Harold
  9841 | D:10     | Killed Harold
  9883 | D:10     | Found Kewiefelu's Gadget Shop.
  9888 | D:10     | Bought a wand of acid (7) for 308 gold pieces
 10318 | D:11     | Found a glowing silver altar of Zin.
 10548 | D:11     | Noticed Nergalle
 10553 | D:11     | Killed Nergalle
 10553 | D:11     | Reached XP level 11. HP: 57/57 MP: 10/30
 10669 | D:11     | Noticed Psyche
 10672 | D:11     | Killed Psyche
 10672 | D:11     | Reached skill level 14 in Spellcasting
 10673 | D:11     | Noticed Maurice
 10680 | D:11     | Killed Maurice
 10812 | D:11     | Found a staircase to the Orcish Mines.
 10889 | D:11     | Found a sparkling altar of Nemelex Xobeh.
 10934 | D:11     | Reached **** piety under the Shining One
 11159 | D:11     | Found a portal to a secret trove of treasure.
 12053 | D:12     | Noticed a two-headed ogre
 12057 | D:12     | Killed a two-headed ogre
 12059 | D:12     | Reached skill level 5 in Evocations
 12297 | D:12     | Got a steaming falchion
 12298 | D:12     | Identified the +11 falchion of Umorux Cemo {vorpal, Dex+4}
                  | (You found it on level 12 of the Dungeon)
 12474 | D:12     | Noticed a two-headed ogre
 12478 | D:12     | Noticed a seven-headed hydra
 12479 | D:12     | Killed a two-headed ogre
 12484 | D:12     | Killed a seven-headed hydra
 12484 | D:12     | Reached skill level 15 in Spellcasting
 12873 | D:13     | Noticed Jorgrun
 12883 | D:13     | Killed Jorgrun
 12883 | D:13     | Reached XP level 12. HP: 58/62 MP: 0/33
 13097 | D:13     | Noticed a tengu warrior
 13104 | D:13     | Reached skill level 16 in Spellcasting
 13109 | D:13     | Killed a tengu warrior
 13288 | D:13     | Noticed Kirke
 13293 | D:13     | Killed Kirke
 13293 | D:13     | Reached skill level 1 in Shields
 13430 | D:13     | Noticed Snorg
 13575 | D:9      | Found an iron altar of Okawaru.
 13657 | Lair:1   | Entered Level 1 of the Lair of Beasts
 13965 | Lair:1   | Got a bloodstained trident
 13981 | Lair:1   | Identified the +6 trident of Mandamus {drain, rC- Str+5
                  | Int+3 Dex-2} (You found it on level 1 of the Lair of
                  | Beasts)
 14166 | Lair:1   | Noticed a dire elephant
 14167 | Lair:1   | Found the +8 longbow "Zephyr" {speed, Dex+3 SInv}
 14188 | Lair:1   | Found a runed translucent door.
 14324 | Lair:1   | Reached ***** piety under the Shining One
 15367 | Lair:2   | Reached skill level 17 in Spellcasting
 15443 | Lair:2   | Found an ancient bone altar of Kikubaaqudgha.
 15755 | Lair:2   | Reached skill level 1 in Staves
 15755 | Lair:2   | Reached skill level 15 in Ice Magic
 15823 | Lair:2   | Found a staircase to the Snake Pit.
 16395 | Lair:2   | Learned a level 4 spell: Fulminant Prism
 16400 | Lair:2   | Learned a level 4 spell: Iskenderun's Mystic Blast
 16442 | Lair:3   | Reached skill level 1 in Hexes
 16569 | Lair:3   | Reached skill level 1 in Translocations
 16569 | Lair:3   | Reached XP level 13. HP: 66/66 MP: 36/36
 16634 | Lair:3   | Found a transporter.
 16634 | Lair:3   | Noticed Somi's ghost (journeyman MiBe)
 16669 | Lair:3   | Found a transporter.
 17045 | Lair:3   | Noticed Urug
 17050 | Lair:3   | Killed Urug
 17719 | Lair:4   | Reached skill level 5 in Conjurations
 17808 | Lair:4   | Found a staircase to the Swamp.
 17893 | Lair:4   | Found a runed translucent door.
 17893 | Lair:4   | Found a shimmering altar of Xom.
 17893 | Lair:4   | Noticed Qaisti's ghost (journeyman GnWr)
 18408 | Lair:5   | Found a viscous altar of Jiyva.
 18409 | Lair:5   | Found a staircase to the Slime Pits.
 18730 | Lair:5   | Reached skill level 18 in Spellcasting
 19013 | Lair:5   | Got a pair of encrusted gloves
 19073 | Lair:5   | Identified the +2 pair of gloves of Hadjma {rF++ MR+ Str-2
                  | Stlth+} (You found it on level 5 of the Lair of Beasts)
 19128 | Lair:5   | Found a blossoming altar of Fedhas.
 19554 | Lair:6   | Entered Level 6 of the Lair of Beasts
 19816 | Lair:6   | Reached skill level 19 in Spellcasting
 20498 | Lair:6   | Reached XP level 14. HP: 72/72 MP: 32/39
 20576 | Lair:6   | Reached skill level 20 in Spellcasting
 20792 | Lair:6   | Got a faintly glowing halberd
 20898 | Lair:6   | Identified the +8 halberd of Corph {pain, rPois} (You found
                  | it on level 6 of the Lair of Beasts)
 22117 | Orc:1    | Entered Level 1 of the Orcish Mines
 22117 | Orc:1    | Found Uzyichas's Weapon Shop.
 22189 | Orc:1    | Reached skill level 5 in Dodging
 22415 | Orc:1    | Found a roughly hewn altar of Beogh.
 22686 | Orc:1    | Found a roughly hewn altar of Beogh.
 23226 | Orc:2    | Entered Level 2 of the Orcish Mines
 23502 | Orc:2    | Reached skill level 1 in Invocations
 24024 | Orc:2    | Found a staircase to the Elven Halls.
 24180 | Orc:2    | Reached ****** piety under the Shining One
 24293 | Orc:2    | Noticed an orc warlord
 24301 | Orc:2    | Killed an orc warlord
 24641 | Orc:2    | Reached skill level 5 in Fighting
 25451 | Orc:2    | Found Beigudecw's Antique Armour Emporium.
 25452 | Orc:2    | Found Unitic's Antique Weapon Shoppe.
 25453 | Orc:2    | Found Koacuf's General Store.
 25453 | Orc:2    | Found Fyijawex's Book Emporium.
 25866 | Swamp:1  | Entered Level 1 of the Swamp
 25866 | Swamp:1  | Found a runed translucent door.
 25866 | Swamp:1  | Noticed EnegeticOcto's ghost (journeyman DDFi)
 25991 | Swamp:1  | Killed EnegeticOcto's ghost
 26256 | D:3      | Killed Grinder
 26467 | D:8      | Found a runed translucent gate.
 26467 | D:8      | Found a runed translucent gate.
 26470 | D:8      | Found a runed translucent gate.
 26473 | D:8      | Noticed VincentAMV's ghost (novice GrFi)
 26594 | Lair:1   | Reached skill level 5 in Invocations
 26755 | Lair:1   | Reached XP level 15. HP: 77/84 MP: 41/41
 27104 | Lair:4   | Killed Qaisti's ghost
 27374 | Swamp:1  | Learned a level 2 spell: Poisonous Vapours
 28747 | Swamp:2  | Found a hazy altar of Hepliaklqana.
 28939 | Swamp:2  | Noticed a thorn hunter
 28948 | Swamp:2  | Killed a thorn hunter
 28948 | Swamp:2  | Reached skill level 10 in Dodging
 30239 | Swamp:3  | Learned a level 4 spell: Passage of Golubria
 31006 | Swamp:4  | Entered Level 4 of the Swamp
 32098 | Swamp:3  | Reached XP level 16. HP: 89/93 MP: 7/42
 32242 | Swamp:4  | Reached skill level 1 in Armour
 32945 | Swamp:4  | Noticed a thorn hunter
 32950 | Swamp:4  | Killed a thorn hunter
 33240 | Swamp:4  | Reached skill level 5 in Translocations
 33401 | Swamp:4  | Got a decaying rune of Zot
 33854 | D:9      | Noticed Grum
 33860 | D:9      | Killed Grum
 33987 | D:9      | Found Puimud's Food Shoppe.
 34566 | D:13     | Killed Snorg
 35312 | D:14     | Learned a level 4 spell: Leda's Liquefaction
 35667 | D:14     | Reached skill level 1 in Earth Magic
 35935 | D:14     | Found a gate to the Vaults.
 36493 | D:15     | Entered Level 15 of the Dungeon
 36630 | D:15     | Noticed Josephine
 36643 | D:15     | Reached skill level 10 in Invocations
 36650 | D:15     | Killed Josephine
 37476 | D:15     | Noticed Rupert
 38911 | D:15     | Reached XP level 17. HP: 51/101 MP: 8/43
 39674 | D:15     | Reached skill level 10 in Fighting
 39740 | D:15     | Killed Rupert
 39754 | D:15     | Found a staircase to the Depths.
 40090 | Vaults:1 | Entered Level 1 of the Vaults
 41521 | Elf:1    | Entered Level 1 of the Elven Halls
 42966 | Elf:1    | Noticed Frances
 42970 | Elf:1    | Killed Frances
 43390 | Elf:1    | Noticed a Tzitzimitl
 44473 | Elf:2    | Reached XP level 18. HP: 98/114 MP: 41/44
 44622 | Elf:2    | Found a runed translucent gate.
 44624 | Elf:2    | Found a runed translucent gate.
 44629 | Elf:2    | Found a runed translucent gate.
 44830 | Elf:2    | Found Vejavigi's Gadget Emporium.
 45116 | Elf:3    | Entered Level 3 of the Elven Halls
 45230 | Elf:3    | Found a magical portal.
 46266 | WizLab   | Noticed an antique lich
 46273 | WizLab   | Killed an antique lich
 46347 | WizLab   | Found the +9 sword of Zonguldrok {reap}
 47072 | Elf:3    | Learned a level 1 spell: Apportation
 47078 | Elf:3    | Learned a level 5 spell: Irradiate
 47084 | Elf:3    | Learned a level 5 spell: Lee's Rapid Deconstruction
 47263 | Elf:3    | Identified the +6 quarterstaff of Disharmony {pain, rF+ MR+
                  | Int-5 Dex+4}
 47900 | Elf:3    | Killed from afar by a deep elf sorcerer

Levels and vault maps discovered:
D:1:      lightli_arrival_noodles, layout_loops_ring
D:2:      layout_rooms, amethyst_overflow_temple_binary
D:3:      layout_loops_cross, trog_book, uniq_grinder
D:4:      layout_loops_ring, tso_altar, uniq_duvessa
D:5:      layout_basic, nicolae_ru_awakened_eye, lemuel_round_altar,
          marbit_many_paths, kennysheep_little_box,
          gammafunk_ghost_nasty_kobolds, first_ration, uniq_eustachio
D:6:      layout_loops_ring, nicolae_overflow_crystal_walls, basic_altar,
          gup_sewer_entry_bowl
D:7:      layout_gridville, minmay_temple_entry_proselytizer,
          nicolae_gozag_cash_rules_everything_around_me
D:8:      layout_basic, dpeg_oklobed_lair, basic_altar,
          ploomutoo_gammafunk_ghost_potion_laboratory
D:9:      layout_small_grid, chequers_temple_overflow_statue_of_worship,
          serial_shops, kennysheep_mini_moat, hangedman_ranch
          [blue_anna_fruit_fields], minmay_hedge_maze, lemuel_tele_altar,
          uniq_erica, uniq_grum, uniq_prince_ribbit1
D:10:     layout_stronghold, serial_shops, shop, uniq_harold, uniq_fannar,
          uniq_joseph
D:11:     layout_long_grid, orc_0_dummy, nicolae_trove_entry_path_of_doom,
          basic_altar, nemelex_xobeh_ov_fountains_minmay, uniq_psyche,
          uniq_maurice, uniq_nergalle
D:12:     layout_cave_pods
D:13:     layout_loops_ring, uniq_snorg, uniq_jorgrun, uniq_kirke
D:14:     layout_gridville, lightli_vaults_fourway_checkpoint,
          kennysheep_cluttered_room
D:15:     gammafunk_enter_depths_forms, layout_basic, serial_park_square1
          [serial_park_minivault_5x5_2], minmay_shattered_shrine,
          uniq_josephine, uniq_rupert
Temple:   chequers_temple_sunken
Lair:1:   gammafunk_lair_enchanted_lake, layout_cave_pods, special_room
          [special_room_bee], beast_lair_carwin_2
Lair:2:   layout_loops_ring, minmay_snake_entry_guardpost_small,
          small_statue_intersection, lemuel_oklob_altar, serial_bayou_shore_b
Lair:3:   layout_regular_city, gammafunk_ghost_arena, grunt_megastairs_4,
          lemuel_fruit_tree, serial_bayou_shore_a, uniq_urug
Lair:4:   layout_cave_pods, swamp_mist, ebering_ghost_xom, lemuel_fruit_fields
Lair:5:   layout_loops_ring, dpeg_slime_entry_enclosed_altar, basic_altar
Lair:6:   due_jungle_book, layout_regular_city, st_stairs_11, worms_lemuel
Swamp:1:  layout_basic_swamp, gammafunk_ghost_grave, evilmike_swamp_ruin_wall
Swamp:2:  layout_basic_swamp, lemuel_altar_in_water
Swamp:3:  layout_basic_swamp, serial_swamp_ruin, evilmike_swamp_ruin_rubble_1,
          hangedman_swamp_ruin_wall, evilmike_swamp_ruin_house_3,
          nicolae_swamp_little_tower, infiniplex_staircase_pool
Swamp:4:  swamp_alternative, layout_basic_swamp
Orc:1:    layout_caves, serial_shops, shop, basic_altar, nicolae_orc_lava_tube,
          mines1_david
Orc:2:    st_orc_congregation, layout_caves
Elf:1:    elf_arrival_002, layout_loops_corners, portal_desolation_entry_salt,
          uniq_frances
Elf:2:    layout_loops_cross, serial_shops, shop, patterned_corridor
Elf:3:    minmay_elf_hall_dome, layout_geoelf_diagonals,
          lightli_enter_wizlab_magi_temple
Vaults:1: st_more_cells, v_rooms_3, nicolae_vaults_windows_and_doors_thing,
          nicolae_vaults_sealed_display, v_misc_13, vaults_room_grid, v_rooms_4,
          nicolae_vaults_specimen_jars, dpeg_vaults_monster_row,
          hangedman_vaults_locks, grunt_vaults_hallway_short,
          layout_vaults_omnibox, uniq_asterion, uniq_aizul

Skill      XL: |  1  2  3  4  5  6  7  8  9 10 11 12 13 14 15 16 17 18 |
---------------+-------------------------------------------------------+-----
Spellcasting   | 4 5 6 7 8 10 12 13 15 17 19 20 | 20.2
Ice Magic      | 5 6 7 8 9 11 12 13 15 16 17 | 17.0
Conjurations   | 2 3 4 6 8 |  8.0
Summonings     | 2 4 |  4.1
Evocations     | 2 3 5 6 |  6.6
Fighting       | 2 5 8 9 13 14 | 14.5
Dodging        | 4 8 11 | 11.3
Shields        | 4 |  4.0
Staves         | 2 4 |  4.0
Hexes          | 1 3 |  3.1
Translocations | 1 2 4 6 |  6.0
Invocations    | 5 8 10 | 10.0
Armour         | 2 |  2.0
Earth Magic    | 2 4 |  4.2
Stealth        | |  2.4

Action                   |  1- 3 |  4- 6 |  7- 9 | 10-12 | 13-15 | 16-18 || total
-------------------------+-------+-------+-------+-------+-------+-------++-------
Melee: Unarmed           |     4 |       |       |       |       |       ||     4
       Dagger            |     4 |       |       |       |       |       ||     4
       Short sword       |    13 |     9 |    97 |       |       |       ||   119
       Staff             |       |       |    36 |    72 |   155 |   309 ||   572
       Spear             |       |       |     8 |       |       |       ||     8
       Falchion          |       |       |       |       |       |    14 ||    14
 Fire: Hunting sling     |       |       |     2 |       |       |       ||     2
Throw: Stone             |     2 |       |     1 |       |       |       ||     3
       Dart              |       |       |       |       |     8 |     3 ||    11
       Javelin           |       |       |       |       |       |     1 ||     1
 Cast: Freeze            |    47 |     3 |     6 |     6 |     8 |     3 ||    73
       Frozen Ramparts   |     4 |    14 |    54 |    48 |    56 |    27 ||   203
       Summon Ice Beast  |       |     1 |    16 |    82 |   125 |    60 ||   284
       Hailstorm         |       |       |     5 |    73 |   299 |   378 ||   755
       Fulminant Prism   |       |       |       |       |    56 |    25 ||    81
       Iskenderun's Myst |       |       |       |       |    44 |    86 ||   130
       Searing Ray       |       |       |       |       |     3 |     3 ||     6
       Poisonous Vapours |       |       |       |       |    11 |     7 ||    18
       Passage of Golubr |       |       |       |       |     1 |     2 ||     3
       Leda's Liquefacti |       |       |       |       |       |    18 ||    18
       Lee's Rapid Decon |       |       |       |       |       |    16 ||    16
Invok: Divine Shield     |       |       |       |       |     1 |     1 ||     2
       Summon Divine War |       |       |       |       |       |     2 ||     2
Evoke: Wand              |       |     3 |     4 |    13 |     4 |    11 ||    35
  Use: Scroll            |       |     8 |     8 |     9 |     7 |     6 ||    38
       Potion            |       |     4 |     7 |     2 |     1 |       ||    14
 Stab: Sleeping          |     3 |       |       |       |       |       ||     3
  Eat: Chunk             |     4 |     2 |     6 |    14 |    21 |    11 ||    58
       Ration            |       |     1 |     3 |     3 |     8 |    11 ||    26
Armor: Robe              |     3 |       |       |       |    23 |    44 ||    70
       Leather armour    |     6 |     3 |    64 |    53 |    47 |     3 ||   176
       Swamp dragon scal |       |       |       |       |       |    79 ||    79
Dodge: Dodged            |    33 |    18 |    82 |    81 |   137 |   288 ||   639
Block: Buckler           |       |       |       |    14 |    63 |   124 ||   201
       Rpst.: Falchion   |       |       |       |       |       |     5 ||     5

Table legend:
 A = Non-vault XP
 B = Vault XP
 C = Vault XP percentage of total XP
 D = Non-vault monster count
 E = Vault monster count
 F = Vault count percentage of total count
                 A         B        C        D         E       F
            +---------+---------+-------+---------+---------+-------
      Total |  209424 |  128122 |  38.0 |     777 |     361 |  31.7
            +---------+---------+-------+---------+---------+-------
        D:1 |      31 |       0 |   0.0 |      21 |       0 |   0.0
        D:2 |      27 |       0 |   0.0 |       9 |       0 |   0.0
        D:3 |      21 |     290 |  93.2 |      12 |       1 |   7.7
        D:4 |     254 |     228 |  47.3 |      10 |       2 |  16.7
        D:5 |     902 |     725 |  44.6 |      20 |      13 |  39.4
        D:6 |     162 |       8 |   4.7 |       4 |       4 |  50.0
        D:7 |     497 |      44 |   8.1 |      10 |       1 |   9.1
        D:8 |    1274 |    3298 |  72.1 |      15 |       6 |  28.6
        D:9 |    1852 |    2607 |  58.5 |      28 |      14 |  33.3
       D:10 |     491 |    1541 |  75.8 |       7 |       3 |  30.0
       D:11 |    1646 |    1893 |  53.5 |      18 |       4 |  18.2
       D:12 |    5325 |       0 |   0.0 |      28 |       0 |   0.0
       D:13 |    6321 |    6669 |  51.3 |      26 |       7 |  21.2
       D:14 |   10450 |    6600 |  38.7 |      42 |      14 |  25.0
       D:15 |   25648 |   14425 |  36.0 |      77 |      26 |  25.2
     Lair:1 |    1963 |    5926 |  75.1 |      10 |      38 |  79.2
     Lair:2 |    2823 |    1167 |  29.2 |      15 |       5 |  25.0
     Lair:3 |    2154 |    1633 |  43.1 |       9 |       5 |  35.7
     Lair:4 |    4077 |    1749 |  30.0 |      15 |       2 |  11.8
     Lair:5 |    9900 |       0 |   0.0 |      33 |       0 |   0.0
     Lair:6 |   15296 |    4743 |  23.7 |      32 |      13 |  28.9
    Swamp:1 |    5064 |    1365 |  21.2 |      19 |       1 |   5.0
    Swamp:2 |   14187 |       0 |   0.0 |      34 |       0 |   0.0
    Swamp:3 |   14277 |     630 |   4.2 |      44 |       1 |   2.2
    Swamp:4 |    9529 |   18182 |  65.6 |      27 |      24 |  47.1
      Orc:1 |    6278 |       0 |   0.0 |      35 |       0 |   0.0
      Orc:2 |    4031 |   10240 |  71.8 |      45 |      64 |  58.7
      Elf:1 |   15775 |    6897 |  30.4 |      25 |      10 |  28.6
      Elf:2 |    8719 |    1799 |  17.1 |      14 |       2 |  12.5
      Elf:3 |   14927 |   10177 |  40.5 |      27 |       7 |  20.6
   Vaults:1 |   14273 |   19486 |  57.7 |      32 |      27 |  45.8
      Sewer |       0 |     401 | 100.0 |       0 |      62 | 100.0
     WizLab |   11250 |    5399 |  32.4 |      34 |       5 |  12.8
            +---------+---------+-------+---------+---------+-------
